AoeStats
← EL LEON

MegaRandom

506932540Analyzed
2v2 RM · 17d ago on Sep 15, 2026· 52m 49s· 4 players
Game mode
Random Map
Map size
Medium (4 player)
Population
200
Speed
Normal
Resources
Standard
Victory
Conquest
Starting age
Dark Age
Ending age
Imperial Age
RankedLock teamsTeams togetherTeam positionsShared explorationLock speedFull tech treeHidden civsTurbo modeCheats
Victory
Defeat
🇦🇷 Poles · Argentina
1078
+14
🇩🇪 Byzantines · Germany
1032
+16
🇹🇼 Spanish · Taiwan
1056
-16
🇪🇸 Armenians · Spain
1000
-14
小藍
11:58 Feudal Age
15:14 Bloodlines
17:08 Castle Age
21:37 Horse Collar
24:26 Wheelbarrow
25:13 Loom
25:13 Town Watch
25:31 Heavy Plow
26:56 Double-Bit Axe
34:06 Hand Cart
51:09 Husbandry
51:19 Bloodlines
50:31 Light Cavalry
ALFOCAM6
0:31 Loom
10:01 Feudal Age
10:47 Double-Bit Axe
10:44 Horse Collar
15:48 Fletching
15:59 Scale Mail Armor
16:11 Forging
20:01 Castle Age
19:29 Gold Mining
19:36 Stone Mining
21:01 Bow Saw
24:26 Sanctity
27:12 Fervor
27:48 Heavy Plow
29:00 Wheelbarrow
28:55 Town Watch
30:58 Hand Cart
30:44 Town Patrol
31:06 Bodkin Arrow
32:30 Murder Holes
32:45 Masonry
32:56 Ballistics
32:29 Guard Tower
37:30 Imperial Age
35:48 Scale Barding Armor
36:18 Iron Casting
37:23 Bloodlines
37:13 Husbandry
36:34 Light Cavalry
40:28 Gold Shaft Mining
41:27 Chain Barding Armor
41:26 Chain Mail Armor
42:12 Blast Furnace
44:02 Conscription
47:40 Plate Mail Armor
EL LEON
2:07 Loom
9:12 Feudal Age
19:23 Castle Age
18:22 Bloodlines
19:15 Man-at-Arms
20:00 Light Cavalry
25:57 Long Swordsman
31:57 Wheelbarrow
31:45 Horse Collar
32:25 Squires
33:04 Heavy Plow
34:50 Hand Cart
34:22 Double-Bit Axe
35:27 Bow Saw
36:11 Forging
36:03 Scale Mail Armor
36:08 Scale Barding Armor
39:04 Gold Mining
39:05 Stone Mining
42:45 Imperial Age
41:23 Husbandry
44:04 Conscription
44:07 Two-Handed Swordsman
44:15 Cavalier
48:59 Stone Shaft Mining
49:52 Lechitic Legacy
49:43 Szlachta Privileges
50:59 Scale Barding Armor
51:30 Iron Casting
52:02 Chain Barding Armor
Der Betreuer
0:43 Loom
10:54 Feudal Age
13:03 Wheelbarrow
16:05 Castle Age
15:03 Stone Mining
14:59 Horse Collar
15:07 Double-Bit Axe
23:05 Bow Saw
25:06 Ballistics
25:39 Fletching
25:50 Padded Archer Armor
27:50 Bodkin Arrow
30:22 Elite Skirmisher
35:56 Imperial Age
36:09 Thumb Ring
36:38 Capped Ram
38:57 Hand Cart
39:15 Conscription
40:22 Heavy Cavalry Archer
42:39 Bracer
42:54 Leather Archer Armor
42:45 Scale Barding Armor
42:51 Forging
42:42 Scale Mail Armor
43:52 Two-Man Saw
45:57 Chain Barding Armor
45:53 Leather Archer Armor
46:14 Iron Casting
49:06 Logistica
48:34 Elite Cataphract
50:24 Gold Mining
53:21 Gold Shaft Mining
52:51 Heavy Plow
Connection lost

Rejoining the realm…

Still unreachable

The connection could not be restored.

Session expired

The server has moved on; the page needs a fresh start.